 Dungeon Crawl Stone Soup version 0.32-a0-22-g6ae6769602 (webtiles) character file.

Game seed: 6042924613292433129

134 IdlyInterested the Cutter (level 4, -1/33 HPs)
             Began as a Demonspawn Gladiator on Jan 18, 2024.
             Slain by a bullfrog (6 damage)
             ... in a sewer.
             The game lasted 00:07:55 (2821 turns).

IdlyInterested the Cutter (Demonspawn Gladiator)    Turns: 2821, Time: 00:07:56

Health: -1/33      AC: 11    Str: 14    XL:     4   Next: 95%
Magic:  5/5        EV:  9    Int:  9    God:
Gold:   91         SH:  0    Dex: 22    Spells: 5/5 levels left

rFire   . . .        a - +0 rapier
rCold   . . .        (no shield)
rNeg    . . .        j - +3 scale mail
rPois   .            c - +0 helmet
rElec   .            (no cloak)
rCorr   .            g - +0 pair of gloves
SInv    +            (no boots)
Will    .....        (no amulet)
Stlth   ++           m - ring of see invisible
HPRegen 0.25/turn    l - +6 ring of dexterity
MPRegen 0.09/turn

%: no passive effects
@: hasted, constricted, very quick
A: sturdy frame 2
a: no special abilities


You were in a sewer.
You visited 1 branch of the dungeon, and saw 3 of its levels.
You also visited: Sewer.

You collected 91 gold pieces.

Inventory:

Hand Weapons
 a - a +0 rapier (weapon)
 y - a +0 rapier
Missiles
 d - 3 throwing nets
 e - a javelin
 f - 14 stones (quivered)
Armour
 c - a +0 helmet (worn)
 g - a +0 pair of gloves (worn)
 j - a +3 scale mail (worn)
 p - a +0 pair of gloves
Magical Staves
 t - a staff of cold
Jewellery
 k - a ring of positive energy
 l - a +6 ring of dexterity (right hand)
 m - a ring of see invisible (left hand)
 q - an amulet of faith
Scrolls
 b - a scroll of fog
 o - 4 scrolls of teleportation
 u - 2 scrolls of identify
 v - a scroll of immolation {unknown}
 w - a scroll of fear {unknown}
 x - a scroll of poison {unknown}
Potions
 i - a potion of attraction {unknown}
 n - a potion of haste
 r - a potion of mutation {unknown}
 s - a potion of enlightenment {unknown}
 z - 3 potions of heal wounds {unknown}


   Skills:
 - Level 2.0 Fighting
 * Level 4.4 Short Blades
 - Level 1.7 Throwing
 - Level 1.0 Armour
 - Level 2.6 Dodging
 - Level 1.0 Stealth
 - Level 1.0 Spellcasting
 - Level 1.0 Evocations
 + Level 0.4 Shapeshifting


You had 5 spell levels left.
You didn't know any spells.
Your spell library contained the following spells:

 Spells                   Type           Power      Damage    Failure   Level
 Apportation              Tloc           0%         N/A       52%         1
 Necrotise                Necr           0%         1d4       52%         1
 Shock                    Conj/Air       0%         1d3       52%         1
 Sting                    Conj/Alch      0%         1d3       52%         1
 Summon Small Mammal      Summ           0%         N/A       52%         1
 Swiftness                Air            0%         N/A       88%         3
 Airstrike                Air            0%         2d(0-16)  99%         4


Dungeon Overview and Level Annotations

Branches:
Dungeon (3/15)              Sewer (1/1)

Altars:

Shops:
D:2 [


Innate Abilities, Weirdness & Mutations

Your movements are less encumbered by armour. (ER -4)


Message History

The bullfrog hits you. The ball python bites you.
The bullfrog barely misses you.
You completely miss the bullfrog.
The bullfrog is severely wounded.
The ball python bites you but does no damage.
The ball python constricts you.
The bullfrog hits you but does no damage.
The ball python barely misses you. The ball python closely misses you.
The bullfrog hits you.
* * * LOW HITPOINT WARNING * * *
The ball python bites you but does no damage.
You feel better.
The bullfrog hits you but does no damage.
The ball python bites you but does no damage.
The ball python constricts you. The bullfrog barely misses you.
The ball python bites you but does no damage.
The ball python barely misses you.
The ball python bites you but does no damage.
You completely miss the bullfrog.
The bullfrog is severely wounded.
The bullfrog closely misses you. The ball python barely misses you.
The ball python constricts you. The bullfrog hits you.
The ball python bites you but does no damage.
The ball python barely misses you.
The ball python bites you but does no damage.
You barely miss the bullfrog.
The bullfrog is severely wounded.
The bullfrog hits you!
* * * LOW HITPOINT WARNING * * *
The bullfrog barely misses you. The ball python barely misses you.
The ball python constricts you.
Unknown command.
You barely miss the bullfrog.
The bullfrog is severely wounded.
The ball python barely misses you.
The ball python bites you but does no damage.
The bullfrog hits you but does no damage.
The ball python bites you but does no damage.
The bullfrog hits you.
You die...

#....'..# #....#..#
##...####
#....####################
#......~≈≈≈≈≈≈≈≈≈≈≈≈~~...
##.....~≈~~~≈≈≈≈≈≈≈≈≈≈...
#.....~~~~~~≈≈≈J≈~~~#...
#....~≈≈≈~~~≈SF#~~≈~~..F
##....~≈~≈≈#~F@S#~~≈~~..
###.#~≈≈≈≈≈≈~SSS≈≈≈≈#..
###################


You could see 2 bullfrogs, an endoplasm and 5 ball pythons.

Vanquished Creatures
  3 adders
  3 river rats (Sewer)
  2 dart slugs
  2 ribbon worms
  5 bats
  3 endoplasms
  4 giant cockroaches
  6 goblins
  3 hobgoblins (D:1)
  A quokka (D:1)
  11 ball pythons
  3 frilled lizards
  3 kobolds (D:1)
  30 rats
79 creatures vanquished.

Notes
Turn   | Place    | Note
-------+----------+-------------------------------------------
     0 | D:1      | IdlyInterested the Demonspawn Gladiator began the quest for
                  | the Orb.
     0 | D:1      | Reached XP level 1. HP: 16/16 MP: 1/1
   408 | D:1      | Reached skill level 1 in Stealth
   408 | D:1      | Gained mutation: Your movements are slightly less
                  | encumbered by armour. (ER -2) [demonic ancestry]
   408 | D:1      | Reached XP level 2. HP: 11/22 MP: 2/2
   514 | D:1      | Reached skill level 3 in Short Blades
   521 | D:1      | Found a faded altar of an unknown god.
   845 | D:1      | Reached skill level 1 in Spellcasting
   855 | D:1      | Gained mutation: Your movements are less encumbered by
                  | armour. (ER -4) [demonic ancestry]
   855 | D:1      | Reached XP level 3. HP: 27/27 MP: 4/4
  1535 | D:2      | Found Hucwaoh's Antique Armour Shoppe.
  2176 | D:3      | Found a glowing drain.
  2211 | Sewer    | Entered a sewer
  2237 | Sewer    | Reached skill level 1 in Armour
  2280 | Sewer    | Reached XP level 4. HP: 33/33 MP: 5/5
  2425 | Sewer    | Reached skill level 4 in Short Blades
  2465 | Sewer    | Reached skill level 1 in Evocations
  2799 | Sewer    | Noticed a bullfrog
  2799 | Sewer    | Noticed a bullfrog
  2821 | Sewer    | Slain by a bullfrog

Illustrated notes

Levels and vault maps discovered:
D:1:      wheals_arrival_linesprint, layout_loops_ring,
          shapermc_ecumenical_altar_totnotflames, minivault_25,
          minmay_close_crescents
D:2:      layout_basic, serial_shops,
          nicolae_shop_temple_entry_statues_fountains, serial_glass,
          glass_columns_a, glass_columns_b
D:3:      layout_rooms, cheibrodos_sewer_entry_drain
Sewer:    sewer_minmay_w

Skill      XL: |  1  2  3  4 |
---------------+-------------+-----
Stealth        | 1 |  1.0
Short Blades   | 3 4 |  4.4
Spellcasting   | 1 |  1.0
Armour         | 1 |  1.0
Evocations     | 1 |  1.0
Fighting       | |  2.0
Throwing       | |  1.7
Dodging        | |  2.6
Shapeshifting  | |  0.4

Action                     |  1- 3 |  4- 6 || total
---------------------------+-------+-------++-------
  Melee: Rapier            |   160 |   111 ||   271
         Punch             |       |     1 ||     1
    Use: Scroll            |     4 |       ||     4
         Potion            |       |     3 ||     3
   Stab: Distracted        |     1 |       ||     1
         Sleeping          |     1 |       ||     1
 Armour: Leather armour    |    10 |       ||    10
         Scale mail        |    67 |   140 ||   207
  Dodge: Dodged            |    98 |   134 ||   232

Table legend: (Time is in decaauts)
 A = Elapsed time spent in this place.
 B = Non-inter-level travel time spent in this place.
 C = Inter-level travel time spent in this place.
 D = Time resting spent in this place.
 E = Time spent auto-exploring this place.
 F = Levels seen in this place.
 G = Mean time per level.
                   A        B        C        D        E       F      G
               +--------+--------+--------+--------+--------+-----+--------+
         Total |   2862 |   2584 |    278 |    514 |   1412 |   4 |  715.5 |
       Dungeon |   2216 |   1938 |    278 |    214 |   1307 |   3 |  738.7 |
         Sewer |    646 |    646 |      0 |    300 |    105 |   1 |  646.0 |
               +--------+--------+--------+--------+--------+-----+--------+

Top non-repeatable levels by time:
     D:1: 1353 daAuts
     D:2: 749 daAuts
   Sewer: 646 daAuts
     D:3: 113 daAuts
